 Dungeon Crawl Stone Soup version 0.31-a0-844-gdc52ec4e09 (console) character file.

Game seed: 17997353568774091522

304 jejorda2 the Chopper (level 6, -3/53 HPs)
             Began as a Gnoll Berserker on Sept 30, 2023.
             Was a Believer of Trog.
             Slain by a gnoll bouda
             ... wielding a +0 club
              (4 damage)
             ... on level 3 of the Dungeon.
             The game lasted 00:05:20 (1786 turns).

jejorda2 the Chopper (Gnoll Berserker)              Turns: 1786, Time: 00:05:22

Health: -3/53      AC: 12    Str: 18    XL:     6   Next: 38%
Magic:  9/9        EV: 11    Int:  6    God:    Trog [**....]
Gold:   67         SH:  0    Dex: 12    Spells: 9/9 levels left

rFire   . . .        a - +0 war axe
rCold   . . .        (no shield)
rNeg    . . .        l - +0 scale mail
rPois   +            (no helmet)
rElec   .            j - +1 cloak
rCorr   .            f - +0 pair of gloves
SInv    .            k - +0 pair of boots
Will    ++...        (no amulet) Stlth
                     o - ring of poison resistance
HPRegen 1.28/turn    (no ring)
MPRegen 0.11/turn

%: no passive effects
@: strong-willed, on berserk cooldown, regenerating, slowed, very slow
A: fangs 1, strong nose, distributed training
a: Renounce Religion, Berserk, Trog's Hand


You were on level 3 of the Dungeon.
You worshipped Trog.
Trog was pleased with you.
You visited 1 branch of the dungeon, and saw 3 of its levels.

You collected 67 gold pieces.

Inventory:

Hand Weapons
 a - a +0 war axe (weapon)
Missiles
 c - a boomerang
 h - 11 poisoned darts
Armour
 f - a +0 pair of gloves (worn)
 j - a +1 cloak (worn)
 k - a +0 pair of boots (worn)
 l - a +0 scale mail (worn)
Jewellery
 o - a ring of poison resistance (left hand)
Scrolls
 d - 3 scrolls of identify {unknown}
 e - a scroll of blinking {unknown}
Potions
 g - a potion of lignification {unknown}
 i - a potion of haste {unknown}
 m - a potion of mutation {unknown}
 n - a potion of berserk rage {unknown}


   Skills:
 + Level 6.8 Fighting
 + Level 2.0 Short Blades
 + Level 2.0 Long Blades
 + Level 6.8 Axes
 + Level 2.0 Maces & Flails
 + Level 2.0 Polearms
 + Level 2.0 Staves
 + Level 2.0 Ranged Weapons
 + Level 2.0 Throwing
 + Level 5.0 Armour
 + Level 5.0 Dodging
 + Level 2.0 Stealth
 + Level 2.0 Shields
 + Level 2.0 Unarmed Combat
 + Level 2.0 Spellcasting
 + Level 1.5 Conjurations
 + Level 1.5 Hexes
 + Level 1.5 Summonings
 + Level 1.5 Necromancy
 + Level 1.5 Translocations
 + Level 1.5 Transmutations
 + Level 1.5 Fire Magic
 + Level 1.5 Ice Magic
 + Level 1.5 Air Magic
 + Level 1.5 Earth Magic
 + Level 1.5 Poison Magic
 + Level 2.2 Invocations
 + Level 2.0 Evocations
 + Level 1.8 Shapeshifting


You had 9 spell levels left.
You didn't know any spells.
Your spell library was empty.

Dungeon Overview and Level Annotations

Branches:
Dungeon (3/15)

Altars:
Ashenzari

Shops:
D:2 [

Annotations:
D:3 Ijyb


Innate Abilities, Weirdness & Mutations

You have very sharp teeth.
Your uncanny sense of smell can sniff out nearby items.
Your experience applies equally to all skills.


Message History

Ijyb closely misses you.
The gnoll bouda hits you with a +0 club!
The gnoll hits you but does no damage. Ijyb closely misses you.
The gnoll bouda barely misses you.
You hit Ijyb.
Ijyb is heavily wounded.
You barely miss the gnoll bouda. The gnoll closely misses you.
The gnoll bouda hits you with a +0 club.
Ijyb barely misses you.
The gnoll hits you from afar with a +0 spear.
Ijyb barely misses you. The gnoll bouda misses you.
Unknown command.
The gnoll hits you from afar with a +0 spear.
Ijyb screams, "I no like you!" Ijyb attacks as she pursues you!
Ijyb hits you with a +0 club.
* * * LOW HITPOINT WARNING * * *
The gnoll bouda hits you with a +0 club.
* * * LOW HITPOINT WARNING * * *
The gnoll bouda attacks as it pursues you!
The gnoll bouda closely misses you. The gnoll barely misses you.
The gnoll bouda closely misses you.
Ijyb screams, "It's all mine!"
Your attacks no longer feel as feeble.
Your skin crawls.
You feel strong-willed.
The gnoll is no longer moving quickly.
The gnoll bouda barks out a call to the hunt!
The gnoll picks up the pace!
The gnoll hits you from afar with a +0 spear.
* * * LOW HITPOINT WARNING * * *
The gnoll bouda hits you with a +0 club!
* * * LOW HITPOINT WARNING * * *
As you read the scroll labelled XOPRAC SOGOF, it crumbles to dust.
You hear a loud clanging noise!
It was a scroll of noise.
You hear a shout! x2
The gnoll hits you from afar with a +0 spear.
* * * LOW HITPOINT WARNING * * *
The gnoll bouda hits you with a +0 club.
You die...

##.....## ##.[###...#......).....
#.......###.........#......##....
................#.###.......###..
.........###.##.#.# #.###.#......
.........# #)##.#.# #.# #.##.....
>........# #.#....# ..# #.##.....
.........# #.#..###.### #.##.....
#........# #.#...##. #.##.....
.........# #.#.#@# #.##.....
.........# #.#.#g# #.##...##
...<.....# #.#.#g##.# #.##...##
.........# ..#g)..# #.##...##
.........# #......!.# #..###†.#
#.......## #####....# #..##..#
##......# 8.8.8....# #....._
######.# .........# ###...# #.#∆
.g....!..# ##...#


You could see Ijyb, a gnoll bouda and a gnoll (swift).

Vanquished Creatures
  2 jellies (D:3)
  A sleepcap (D:2)
  An orc wizard (D:3)
  Natasha (thrice) (D:2)
  3 gnolls (D:3)
  3 adders (D:2)
  2 worms (D:2)
  A dart slug (D:2)
  2 orcs (D:3)
  2 endoplasms
  2 giant cockroaches (D:1)
  6 goblins
  2 hobgoblins (D:2)
  6 jackals (D:1)
  3 quokkas
  3 ball pythons
  4 bats
  3 frilled lizards
  4 kobolds
  5 rats
58 creatures vanquished.

Notes
Turn   | Place    | Note
-------+----------+-------------------------------------------
     0 | D:1      | jejorda2 the Gnoll Berserker began the quest for the Orb.
     0 | D:1      | Reached XP level 1. HP: 23/23 MP: 1/1
    82 | D:1      | Reached XP level 2. HP: 24/29 MP: 2/2
   100 | D:1      | Found a faded altar of an unknown god.
   609 | D:2      | Reached skill level 1 in Short Blades
   609 | D:2      | Reached skill level 1 in Long Blades
   609 | D:2      | Reached skill level 1 in Maces & Flails
   609 | D:2      | Reached skill level 1 in Polearms
   609 | D:2      | Reached skill level 1 in Staves
   609 | D:2      | Reached skill level 1 in Ranged Weapons
   609 | D:2      | Reached skill level 1 in Throwing
   609 | D:2      | Reached skill level 1 in Stealth
   609 | D:2      | Reached skill level 1 in Shields
   609 | D:2      | Reached skill level 1 in Unarmed Combat
   609 | D:2      | Reached skill level 1 in Spellcasting
   609 | D:2      | Reached skill level 1 in Invocations
   609 | D:2      | Reached skill level 1 in Evocations
   609 | D:2      | Reached XP level 3. HP: 35/35 MP: 2/4
   674 | D:2      | Reached XP level 4. HP: 36/41 MP: 5/5
   770 | D:2      | Reached skill level 1 in Shapeshifting
   804 | D:2      | Noticed Natasha
   810 | D:2      | Killed Natasha
   811 | D:2      | Reached skill level 1 in Conjurations
   811 | D:2      | Reached skill level 1 in Hexes
   811 | D:2      | Reached skill level 1 in Summonings
   811 | D:2      | Reached skill level 1 in Necromancy
   811 | D:2      | Reached skill level 1 in Translocations
   811 | D:2      | Reached skill level 1 in Transmutations
   811 | D:2      | Reached skill level 1 in Fire Magic
   811 | D:2      | Reached skill level 1 in Ice Magic
   811 | D:2      | Reached skill level 1 in Air Magic
   811 | D:2      | Reached skill level 1 in Earth Magic
   811 | D:2      | Reached skill level 1 in Poison Magic
   936 | D:2      | Reached ** piety under Trog
   979 | D:2      | Found Saogiq's Armour Shop.
   981 | D:2      | Noticed Natasha
   989 | D:2      | Killed Natasha
   990 | D:2      | Reached XP level 5. HP: 47/47 MP: 5/7
  1281 | D:2      | Noticed Natasha
  1290 | D:2      | Killed Natasha
  1571 | D:3      | Reached XP level 6. HP: 50/53 MP: 8/8
  1602 | D:3      | Found a broken altar of Ashenzari.
  1667 | D:3      | Reached skill level 5 in Armour
  1667 | D:3      | Reached skill level 5 in Dodging
  1671 | D:3      | Noticed Ijyb
  1785 | D:3      | HP: 1/53 [gnoll bouda/+0 club (8)]
  1786 | D:3      | Slain by a gnoll bouda

Illustrated notes

Levels and vault maps discovered:
D:1:      tarquinn_simple_flora_water_d, layout_basic,
          ebering_ecumenical_altar_sacrificial, serial_park_tiny_1
D:2:      layout_loops_ring, serial_shops, nicolae_shop_advertising_works
          [nicolae_subvault_shop_adworks], nicolae_elevator_lobby_asterisk,
          uniq_natasha
D:3:      kennysheep_the_goblin_king, layout_rooms,
          nicolae_overflow_ecumenical_swirl, cheibrodos_ashenzari_chains

Skill      XL: |  1  2  3  4  5  6 |
---------------+-------------------+-----
Short Blades   | 1 2 |  2.0
Long Blades    | 1 2 |  2.0
Maces & Flails | 1 2 |  2.0
Polearms       | 1 2 |  2.0
Staves         | 1 2 |  2.0
Ranged Weapons | 1 2 |  2.0
Throwing       | 1 2 |  2.0
Stealth        | 1 2 |  2.0
Shields        | 1 2 |  2.0
Unarmed Combat | 1 2 |  2.0
Spellcasting   | 1 2 |  2.0
Invocations    | 1 2 |  2.2
Evocations     | 1 2 |  2.0
Shapeshifting  | 1 |  1.8
Conjurations   | 1 |  1.5
Hexes          | 1 |  1.5
Summonings     | 1 |  1.5
Necromancy     | 1 |  1.5
Translocations | 1 |  1.5
Transmutations | 1 |  1.5
Fire Magic     | 1 |  1.5
Ice Magic      | 1 |  1.5
Air Magic      | 1 |  1.5
Earth Magic    | 1 |  1.5
Poison Magic   | 1 |  1.5
Armour         | 5 |  5.0
Dodging        | 5 |  5.0
Fighting       | |  6.8
Axes           | |  6.8

Action                     |  1- 3 |  4- 6 || total
---------------------------+-------+-------++-------
  Melee: Hand axe          |    64 |   101 ||   165
         Bite              |     6 |    11 ||    17
         Punch             |     1 |     4 ||     5
         War axe           |       |    38 ||    38
 Invoke: Berserk           |     2 |     2 ||     4
         Trog's Hand       |       |     2 ||     2
    Use: Scroll            |       |     1 ||     1
 Armour: Ring mail         |    23 |    35 ||    58
         Scale mail        |       |    59 ||    59
  Dodge: Dodged            |    33 |    88 ||   121

Table legend: (Time is in decaauts)
 A = Elapsed time spent in this place.
 B = Non-inter-level travel time spent in this place.
 C = Inter-level travel time spent in this place.
 D = Time resting spent in this place.
 E = Time spent auto-exploring this place.
 F = Levels seen in this place.
 G = Mean time per level.
                   A        B        C        D        E       F      G
               +--------+--------+--------+--------+--------+-----+--------+
         Total |   1817 |   1701 |    116 |     70 |   1169 |   3 |  605.7 |
       Dungeon |   1817 |   1701 |    116 |     70 |   1169 |   3 |  605.7 |
               +--------+--------+--------+--------+--------+-----+--------+

Top non-repeatable levels by time:
     D:2: 985 daAuts
     D:1: 605 daAuts
     D:3: 226 daAuts
